 Dungeon Crawl Stone Soup version 0.27.1-3-gb3d3a73c9e (webtiles) character file.

Game seed: 10282482915468673997

72 H0rd4k the Charlatan (level 4, -3/32 HPs)
             Began as a Human Artificer on Oct 20, 2021.
             Slain by a gnoll (11 damage)
             ... on level 1 of the Dungeon.
             The game lasted 00:03:46 (2764 turns).

H0rd4k the Charlatan (Human Artificer)              Turns: 2764, Time: 00:03:46

Health: -3/32      AC:  3    Str: 13    XL:     4   Next: 50%
Magic:  4/4        EV: 11    Int: 11    God:
Gold:   154        SH:  0    Dex: 14    Spells: 3/3 levels left

rFire    . . .     SeeInvis .   j - staff of conjuration
rCold    . . .     Faith    .   (no shield)
rNeg     . . .     Spirit   .   b - +0 leather armour
rPois    .         Reflect  .   (no helmet)
rElec    .         Harm     .   (no cloak)
rCorr    .         Rampage  .   (no gloves)
Will     .....                  (no boots)
Stlth    +.........             (no amulet)
HPRegen  0.10/turn              (no ring)
MPRegen  0.09/turn              (no ring)

@: no status effects
A: no striking features
a: no special abilities


You were on level 1 of the Dungeon.
You visited 1 branch of the dungeon, and saw 3 of its levels.

You collected 154 gold pieces.

Inventory:

Hand Weapons
 a - a +0 club
 g - a +0 dagger
Missiles
 h - 15 poisoned darts
Armour
 b - a +0 leather armour (worn)
Magical Staves
 j - a staff of conjuration (weapon)
Wands
 d - a wand of charming (2)
Scrolls
 k - 2 scrolls of amnesia {unknown}
 l - a scroll of fog {unknown}
Potions
 f - 2 potions of curing {unknown}
 i - a potion of magic {unknown}
Miscellaneous
 e - a piece from Xom's chessboard (12/15)


   Skills:
 + Level 1.2 Fighting
 + Level 0.3 Short Blades
 - Level 2.0 Armour
 + Level 1.2 Dodging
 - Level 1.0 Stealth
 + Level 4.7 Evocations


You had 3 spell levels left.
You didn't know any spells.
Your spell library contained the following spells:

 Spells                   Type           Power      Damage    Failure   Level
 Magic Dart               Conj           0%         1d3       41%         1
 Blink                    Tloc           N/A        N/A       56%         2
 Searing Ray              Conj           0%         3d3       56%         2
 Lesser Beckoning         Tloc           0%         N/A       80%         3
 Fulminant Prism          Conj/Hex       0%         3d6       99%         4
 Manifold Assault         Tloc           0%         N/A       100%        5


Dungeon Overview and Level Annotations

Branches:
Dungeon (3/15)

Altars:


Message History

You closely miss the ball python. The ball python bites you.
The ball python constricts you. The ball python closely misses you.
The ball python constricts you.
You closely miss the ball python. The ball python bites you.
The ball python constricts you.
You hit the ball python.
You kill the ball python!
No target in view!
Found a stone staircase leading down.
Things that are here:
4 stones; a +0 short sword No target in view!
A gnoll is nearby!
A gnoll is nearby!
You make a move on Xom's chessboard...
The gnoll shouts!
The gnoll struggles to resist.
You make a move on Xom's chessboard...
The gnoll seems to grow stronger.
Unknown command.
You make a move on Xom's chessboard...
The gnoll falls asleep!
Unknown command.
The gnoll shouts!
You closely miss the gnoll. The gnoll closely misses you.
You hit the gnoll but do no damage. The gnoll hits you with a +0 flail!
The gnoll hits you with a +0 flail.
You hit the gnoll.
The gnoll is lightly wounded.
The gnoll misses you.
You hit the gnoll but do no damage.
The gnoll is lightly wounded.
The gnoll barely misses you.
You hit the gnoll but do no damage.
The gnoll is lightly wounded.
The gnoll hits you with a +0 flail!
* * * LOW HITPOINT WARNING * * *
Aiming: Charm
Press: ? - help, Shift-Dir - straight line, f - gnoll
Aim: a gnoll, wielding a +0 flail (lightly wounded, strong, chance to affect: 68%)
The gnoll struggles to resist.
The gnoll hits you with a +0 flail!
You die...

#.##.# #.##.#
##########.##.#
........##..#.#
#......###.#.#
#......# #.#.#
#......# #.#.#
##......###(#.#
........g@..#.#
...####.....#.#
. #.......#
#.......#
#.......#
#.......#
#....)..#
#.......#
#.....#>.


You could see a gnoll (strong).

Vanquished Creatures
  2 adders
  2 worms
  A dart slug (D:1)
  An endoplasm (D:2)
  2 giant cockroaches
  A hobgoblin (D:1)
  A quokka (D:3)
  2 ball pythons
  6 bats
  2 frilled lizards (D:3)
  2 goblins
  3 kobolds
  5 rats
30 creatures vanquished.

Vanquished Creatures (collateral kills)
  A gnoll (D:2)
  3 orcs (D:3)
  A goblin (D:3)
  A frilled lizard (D:1)
  A kobold (D:1)
  2 rats
9 creatures vanquished.

Vanquished Creatures (others)
  A gnoll (D:2)
  An orc (D:3)
2 creatures vanquished.

Grand Total: 41 creatures vanquished

Notes
Turn   | Place    | Note
-------+----------+-------------------------------------------
     0 | D:1      | H0rd4k the Human Artificer began the quest for the Orb.
     0 | D:1      | Reached XP level 1. HP: 15/15 MP: 1/1
   181 | D:1      | Reached XP level 2. HP: 15/21 MP: 2/2
   460 | D:1      | You fall into a shaft and drop 1 floor!
   668 | D:2      | Reached skill level 4 in Evocations
   668 | D:2      | Reached XP level 3. HP: 26/26 MP: 3/3
  1640 | D:3      | Reached XP level 4. HP: 32/32 MP: 4/4
  2764 | D:1      | Slain by a gnoll

Illustrated notes

Levels and vault maps discovered:
D:1:      lemuel_arrival_funnel, layout_basic,
          shapermc_ecumenical_altar_mp_vishouse
D:2:      layout_loops_ring, minmay_misc_feat_square
D:3:      layout_basic, mainiacjoe_overflow_alcove_1, minivault_11

Skill      XL: |  1  2 |
---------------+-------+-----
Evocations     | 4 |  4.7
Fighting       | |  1.2
Short Blades   | |  0.3
Armour         | |  2.0
Dodging        | |  1.2
Stealth        | |  1.0

Action                   |  1- 3 |  4- 6 || total
-------------------------+-------+-------++-------
Melee: Club              |    12 |       ||    12
       Dagger            |    67 |     6 ||    73
       Staff             |       |    32 ||    32
Evoke: Wand              |    14 |    14 ||    28
       Piece from Xom's  |       |     3 ||     3
 Stab: Sleeping          |     1 |     1 ||     2
Armor: Leather armour    |    22 |    10 ||    32
Dodge: Dodged            |    57 |    20 ||    77
